 Dungeon Crawl Stone Soup version 0.21.1-1-g345015f (webtiles) character file.

35 Figureslego113 the Scratcher (level 3, 0/17 HPs)
             Began as a Felid Monk on July 20, 2018.
             Slain by fourfacedrat's ghost (17 damage)
             ... on level 4 of the Dungeon.
             The game lasted 00:04:59 (1822 turns).

Figureslego113 the Scratcher (Felid Monk)           Turns: 1822, Time: 00:05:00

Health: 0/17       AC:  1    Str:  7    XL:     3   Next: 16%
Magic:  4/4        EV: 20    Int: 11    God:
Gold:   48         SH:  0    Dex: 19    Spells: 2/2 levels left
                                        Lives:  0   Deaths: 1

rFire    . . .     SeeInvis +     - Unarmed
rCold    . . .     Gourm    .   (shield unavailable)
rNeg     . . .     Faith    .   (armour unavailable)
rPois    .         Spirit   .   (helmet unavailable)
rElec    .         Reflect  .   (cloak unavailable)
rCorr    .         Harm     .   (gloves unavailable)
MR       .....                  (boots unavailable)
Stlth    +++.......             (no amulet)
HPRegen  0.05/turn              (no ring)
MPRegen  0.09/turn              (no ring)

@: quick
A: very small, no armour, no weapons or thrown items, stealth, claws 1, fangs 3,
see invisible, carnivore, speed 1, shaggy fur 1, slow metabolism 1, sharp paws
a: no special abilities


You were on level 4 of the Dungeon.
You were not hungry.

You visited 1 branch of the dungeon, and saw 3 of its levels.

You collected 48 gold pieces.

Inventory:

Scrolls
 b - 2 scrolls of identify {unknown}
 c - 2 scrolls of blinking {unknown}
 f - a scroll of remove curse {unknown}
Potions
 d - 3 potions of degeneration {unknown}
 e - a potion of heal wounds {unknown}
Comestibles
 a - 4 rations


   Skills:
 - Level 3.0 Fighting
 - Level 4.0 Dodging
 - Level 2.6 Stealth
 + Level 5.1 Unarmed Combat


You had 2 spell levels left.
You didn't know any spells.

Dungeon Overview and Level Annotations

Branches:
Dungeon (2/15)

Altars:
Ru

Annotations:
D:4 fourfacedrat's ghost, amateur TeFi


Innate Abilities, Weirdness & Mutations

You cannot wear armour.
You are incapable of wielding weapons or throwing items.
Your paws allow you to move quietly. (Stealth)
You have sharp claws.
You have razor-sharp teeth.
You have supernaturally acute eyesight. (SInv)
You are carnivorous and can eat meat at any time.
You cover ground quickly.
You are covered in fur. (AC +1)
You have a slow metabolism.
Your sharp claws are effective at attacking unaware monsters.


Message History

The orc shouts!
The orc priest hits you with a mace.
* * * LOW HITPOINT WARNING * * *
The orc closely misses you. The orc misses you.
The orc priest invokes the aid of Beogh against you.
Beogh smites you!
Ouch! That really hurt!
You die...
You are now level 3!
You rejoin the land of the living...
Found a stone staircase leading down.
Fourfacedrat's ghost (amateur Tengu Fighter) comes into view.
Fourfacedrat's ghost turns its malevolent gaze towards you.
You scratch fourfacedrat's ghost.
Fourfacedrat's ghost is lightly damaged.
Fourfacedrat's ghost whispers, "The ORB doesn't exist."
Fourfacedrat's ghost hits you!
Ouch! That really hurt!
You die...

...#.#.........#
##.#.#.#######.####
#....#.# #.>....#
..#....# #.#.##.#
#...#### #.#.##.#
##### # ..##.#
#..###.# ###..###.#
#.....W@.#
#..#..#.## #. #.#
.. #.# .. #.# #.
#.# # ..# ###


You could see fourfacedrat's ghost.

Vanquished Creatures
  A howler monkey zombie (D:4)
  An adder (D:2)
  An adder skeleton (D:4)
  2 worms
  An orc (D:4)
  A ball python (D:1)
  6 bats
  3 giant cockroaches (D:1)
  8 goblins
  4 hobgoblins
  2 jackals (D:1)
  7 kobolds (D:1)
  A quokka (D:2)
  2 frilled lizards (D:1)
  6 rats
46 creatures vanquished.

Notes
Turn   | Place    | Note
-------+----------+-------------------------------------------
     0 | D:1      | Figureslego113 the Felid Monk began the quest for the Orb.
     0 | D:1      | Reached XP level 1. HP: 10/10 MP: 2/2
   262 | D:1      | Reached XP level 2. HP: 10/14 MP: 3/3
   491 | D:1      | Reached skill level 4 in Unarmed Combat
   663 | D:1      | Reached XP level 3. HP: 17/17 MP: 4/4
  1400 | D:2      | You fall through a shaft for 2 floors!
  1428 | D:4      | Found a sacrificial altar of Ru.
  1479 | D:4      | Reached skill level 5 in Unarmed Combat
  1479 | D:4      | Reached XP level 4. HP: 10/21 MP: 5/5
  1632 | D:4      | Noticed an ogre
  1670 | D:4      | Noticed an ogre
  1785 | D:4      | Killed from afar by an orc priest
  1786 | D:4      | Reached XP level 3. HP: -9/17 MP: 4/4
  1820 | D:4      | Noticed fourfacedrat's ghost (amateur TeFi)
  1822 | D:4      | Slain by fourfacedrat's ghost

Skill      XL: |  1  2  3 |
---------------+----------+-----
Unarmed Combat | 4 5 |  5.1
Fighting       | |  3.0
Dodging        | |  4.0
Stealth        | |  2.6

Action                   |  1- 3 |  4- 6 || total
-------------------------+-------+-------++-------
Melee: Unarmed           |   105 |     5 ||   110
       Bite              |    13 |       ||    13
 Stab: Sleeping          |    12 |       ||    12
  Eat: Chunk             |     8 |     1 ||     9
Armor: Skin              |     8 |       ||     8
Dodge: Dodged            |    69 |    12 ||    81
